 Dungeon Crawl Stone Soup version 0.22.0-75-g3901e79 (webtiles) character file.

29 inc the Magician (level 3, -3/24 HPs)
             Began as a Mummy Fire Elementalist on Sept 13, 2018.
             Slain by an adder (4 damage)
             ... on level 2 of the Dungeon.
             The game lasted 00:01:56 (1014 turns).

inc the Magician (Mummy Fire Elementalist)          Turns: 1014, Time: 00:01:56

Health: -3/24      AC:  2    Str: 11    XL:     3   Next: 1%
Magic:  0/7        EV: 12    Int: 15    God:
Gold:   23         SH:  0    Dex: 12    Spells: 6/7 levels left

rFire    x . .     SeeInvis .   d - +0 short sword
rCold    + . .     Gourm    .   (no shield)
rNeg     + + +     Faith    .   a - +0 robe
rPois    ∞         Spirit   .   (no helmet)
rElec    .         Reflect  .   (no cloak)
rCorr    .         Harm     .   (no gloves)
MR       .....                  (no boots)
Stlth    ++........             (no amulet)
HPRegen  0.08/turn              (no ring)
MPRegen  0.10/turn              (no ring)

@: very slightly contaminated
A: no food or potions, fire vulnerability, cold resistance 1, negative energy
resistance 3, torment resistance, unbreathing
a: no special abilities


You were on level 2 of the Dungeon.
You were not hungry.

You visited 1 branch of the dungeon, and saw 2 of its levels.

You collected 23 gold pieces.

Inventory:

Hand Weapons
 d - a +0 short sword (weapon)
Armour
 a - a +0 robe (worn)
Jewellery
 b - an uncursed amulet of faith
Scrolls
 c - a scroll of enchant weapon {unknown}
 e - a scroll of fog {unknown}
 f - a scroll of remove curse {unknown}
 g - a scroll of identify {unknown}


   Skills:
 - Level 1.5 Dodging
 - Level 1.5 Stealth
 - Level 2.6 Spellcasting
 + Level 2.4 Conjurations
 - Level 2.4 Fire Magic


You had 6 spell levels left.
You knew the following spells:

 Your Spells              Type           Power        Failure   Level  Hunger
a - Flame Tongue          Conj/Fire      #....        8%          1    N/A

Your spell library contained the following spells:

 Spells                   Type           Power        Failure   Level  Hunger
 Throw Flame              Conj/Fire      #.....       12%         2    N/A
 Conjure Flame            Conj/Fire      #.......     22%         3    N/A
 Inner Flame              Hex/Fire       #.......     36%         3    N/A
 Sticky Flame             Conj/Fire      #.......     58%         4    N/A
 Fireball                 Conj/Fire      #.........   91%         5    N/A

Dungeon Overview and Level Annotations

Branches:
Dungeon (2/15)

Altars:


Innate Abilities, Weirdness & Mutations

You do not eat or drink.
Your flesh is vulnerable to fire.
You are immune to poison.
Your flesh is cold resistant. (rC+)
You are immune to negative energy. (rN+++)
You are immune to unholy pain and torment.
You can survive without breathing.


Message History

Press: ? - help, Shift-Dir - straight line, f - adder
Aim: an adder The flame tongue misses the adder.
The jackal misses you. The adder bites you.
* * * LOW HITPOINT WARNING * * *
The adder bites you.
* * * LOW HITPOINT WARNING * * *
The jackal bites you.
* * * LOW HITPOINT WARNING * * *
Casting: Flame Tongue (safe; 8% risk of failure)
Confirm with . or Enter, or press ? or * to list all spells.
You don't have enough magic to cast that spell.
Casting: Flame Tongue (safe; 8% risk of failure)
Confirm with . or Enter, or press ? or * to list all spells.
You don't have enough magic to cast that spell.
Casting: Flame Tongue (safe; 8% risk of failure)
Confirm with . or Enter, or press ? or * to list all spells.
You don't have enough magic to cast that spell.
Unknown command.
The adder bites you.
You die...

#...# #...# ##...## #
### #..... . ..# #....#
# #.# #....# # #.#
#....# #######.##
#S@..#.# .......<.#
#Sh....#
########.#######...###
...............+....!..
########.#####.#...###.
# #.# ...... # #.#
......# # #.# ......# #
#.# .....#


You could see 2 adders and a jackal.

Vanquished Creatures
  A worm (D:2)
  A leopard gecko (D:1)
  6 goblins (D:1)
  2 hobgoblins (D:1)
  5 jackals
  2 frilled lizards
  2 kobolds (D:1)
  4 rats
23 creatures vanquished.

Vanquished Creatures (others)
  A rat (D:1)
1 creature vanquished.

Grand Total: 24 creatures vanquished

Notes
Turn   | Place    | Note
-------+----------+-------------------------------------------
     0 | D:1      | inc the Mummy Fire Elementalist began the quest for the
                  | Orb.
     0 | D:1      | Reached XP level 1. HP: 13/13 MP: 4/4
    49 | D:1      | Reached skill level 1 in Conjurations
   185 | D:1      | Reached XP level 2. HP: 12/19 MP: 0/5
  1012 | D:2      | Reached XP level 3. HP: 8/24 MP: 1/7
  1013 | D:2      | HP: 1/24 [jackal (2)]
  1014 | D:2      | Slain by an adder

Skill      XL: |  1  2 |
---------------+-------+-----
Conjurations   | 1 2 |  2.4
Dodging        | |  1.5
Stealth        | |  1.5
Spellcasting   | |  2.6
Fire Magic     | |  2.4

Action                   || total
-------------------------++-------
 Cast: Flame Tongue      ||    45
Armor: Robe              ||     6
Dodge: Dodged            ||    29
